 Dungeon Crawl Stone Soup version 0.20-a0-303-g575bbf7 (webtiles) character file.

54 Gorice the Ducker (level 4, 0/27 HPs)
             Began as a Kobold Arcane Marksman on Dec 17, 2016.
             Was an Initiate of Okawaru.
             Killed from afar by an orc wizard (4 damage)
             ... with a magic dart
             ... on level 3 of the Dungeon.
             The game lasted 00:07:59 (1407 turns).

Gorice the Ducker (Kobold Arcane Marksman)          Turns: 1407, Time: 00:08:00

Health: 0/27       AC:  5    Str:  9    XL:     4   Next: 12%
Magic:  5/5        EV: 14    Int: 14    God:    Okawaru [......]
Gold:   89         SH:  0    Dex: 14    Spells: 4/5 levels left

rFire  . . .     SeeInvis .     a - +0 war axe
rCold  . . .     Gourm    .     g - +0 ring mail
rNeg   + . .     Faith    +     (shield restricted)
rPois  .         Spirit   .     (no helmet)
rElec  .         Reflect  .     (no cloak)
rCorr  .         Harm     .     (no gloves)
MR     .....                    (no boots)
Stlth  +.........               s - amulet of faith {!P}
                                (no ring)
                                r - ring of positive energy

@: no status effects
A: carnivore 3
a: Renounce Religion


You were on level 3 of the Dungeon.
You worshipped Okawaru.
Okawaru was noncommittal.
You were completely stuffed.

You visited 1 branch of the dungeon, and saw 3 of its levels.

You collected 89 gold pieces.

Inventory:

Hand Weapons
 a - a +0 war axe (weapon)
 b - a +0 hand crossbow
 o - a +0 dagger
 u - a +0 short sword
Missiles
 d - 14 bolts
 n - 6 tomahawks (quivered)
 Z - 34 stones
Armour
 e - a +0 robe
 g - a +0 ring mail (worn)
 q - a +0 chain mail
Jewellery
 r - a ring of positive energy (left hand)
 s - an amulet of faith (around neck) {!P}
Scrolls
 m - 2 scrolls of teleportation {!r}
Potions
 h - a potion of curing
 j - a potion of flight {unknown}
 k - a potion of lignification {unknown}
 l - 2 potions of heal wounds {!q}
 p - 2 potions of mutation {!q}
Books
 c - a book of Debilitation
Comestibles
 f - a meat ration {!e}
 i - 2 chunks of flesh


   Skills:
 + Level 2.7 Fighting
 - Level 2.4 Crossbows
 + Level 0.1 Armour
 + Level 3.9 Dodging
 - Level 1.1 Spellcasting
 - Level 3.0 Hexes


You had 4 spell levels left.
You knew the following spells:

 Your Spells              Type           Power        Failure   Level  Hunger
a - Corona                Hex            #......      24%         1    ##.....


Dungeon Overview and Level Annotations

Branches:
Dungeon (3/15)

Altars:
Elyvilon
Okawaru


Innate Abilities, Weirdness & Mutations

You are small and have problems with some larger weapons.
You are carnivorous and can eat meat at any time.


Message History

There is a stone staircase leading up here.
You start waiting.
Firing (i - inventory. (,) - cycle):
d - 17 bolts (quivered)
Press: ? - help, Shift-Dir - straight line, f - orc
Aim: an orc, wielding a flail and wearing a scale mail You shoot a bolt.
The bolt hits the orc but does no damage.
Firing (i - inventory. (,) - cycle):
d - 16 bolts (quivered)
Press: ? - help, Shift-Dir - straight line, f/p - orc
Aim: an orc, wielding a flail and wearing a scale mail You shoot a bolt.
The bolt hits the orc but does no damage.
Firing (i - inventory. (,) - cycle):
d - 15 bolts (quivered)
Press: ? - help, Shift-Dir - straight line, f - kobold, p - orc
Aim: a kobold, wielding a short sword You shoot a bolt.
The bolt hits the orc.
The orc is lightly wounded.
a - a +0 war axe (weapon)
The orc closely misses you.
You hit the orc.
The orc is heavily wounded.
The orc hits you with a flail! The kobold hits you with a short sword.
Damage: 9 (max 9)
You hit the orc.
The orc is severely wounded.
You hit the kobold.
You kill the kobold!
Okawaru accepts your kill. The orc hits you with a flail.
* * * LOW HITPOINT WARNING * * *
Damage: 6 (max 9)
You barely miss the orc.
The orc is severely wounded.
The orc hits you with a flail!
* * * LOW HITPOINT WARNING * * *
The orc barely misses you.
Damage: 7 (max 9) Unknown command.
A dart slug comes into view.
Found a leather armour.
An orc and an orc wizard come into view.
The orc shouts!
The orc wizard shouts!
The orc wizard casts a cantrip, but nothing happens.
An orc comes into view.
The orc wizard hits you with a dagger.
* * * LOW HITPOINT WARNING * * *
Damage: 2 (max 9)
The orc wizard gestures at you while chanting.
The magic dart hits you!
You die...

#.....# #w.... .
.##.....#####.#.###..
...................[. .
##.......##.......
.[.###.....(.<....###..
..........(.)..........
.##.##...######.....#..
.........#####.........
.##.#....@.oo..........
#.#........o.....###.
#..........o.....#
#.#......###.##..#
....................
.##.#.....(###.##.....
#............# .###
#.#.............
#............###


You could see an orc wizard and 3 orcs.

Vanquished Creatures
  A gnoll (D:2)
  3 dart slugs (D:1)
  An orc (D:2)
  A giant cockroach (D:1)
  3 goblins
  6 hobgoblins
  2 jackals (D:1)
  9 kobolds
  2 ball pythons (D:1)
  5 bats
  2 frilled lizards
  4 rats
39 creatures vanquished.

Notes
Turn   | Place    | Note
-------+----------+-------------------------------------------
     0 | D:1      | Gorice the Kobold Arcane Marksman began the quest for the Orb.
     0 | D:1      | Reached XP level 1. HP: 12/12 MP: 2/2
   309 | D:1      | Reached XP level 2. HP: 16/16 MP: 3/3
   357 | D:1      | Reached skill level 3 in Dodging
   455 | D:1      | Reached skill level 2 in Fighting
   481 | D:1      | Reached XP level 3. HP: 20/21 MP: 4/4
   986 | D:2      | Found an iron altar of Okawaru.
   994 | D:2      | Became a worshipper of Warmaster Okawaru
  1091 | D:2      | Found a white marble altar of Elyvilon.
  1143 | D:2      | Reached XP level 4. HP: 27/27 MP: 5/5
  1398 | D:3      | HP: 5/27 [orc/flail (7)]
  1405 | D:3      | HP: 4/27 [orc wizard/dagger (2)]
  1407 | D:3      | Killed from afar by an orc wizard

Vault maps used:
D:1:      roderic_chinese_lattice_arrival
D:2:      lemuel_coloured_pillars_altar, serial_glass, glass_columns_c,
          glass_columns_c, first_bread, okawaru_altar_gauntlet_db
D:3:      moated_statue, st_stairs_4, serial_bayou_lagoon_a, grunt_ministairs_1,
          kennysheep_generic_room_11

Skill      XL: |  1  2 |
---------------+-------+-----
Dodging        | 3 |  3.9
Fighting       | 2 |  2.7
Crossbows      | |  2.4
Armour         | |  0.1
Spellcasting   | |  1.1
Hexes          | |  3.0

Action                   |  1- 3 |  4- 6 || total
-------------------------+-------+-------++-------
Melee: War axe           |     8 |    18 ||    26
 Fire: Hand crossbow     |    70 |    10 ||    80
  Use: Scroll            |     5 |     3 ||     8
  Eat: Chunk             |     9 |     1 ||    10
Armor: Robe              |     3 |       ||     3
       Ring mail         |    11 |     6 ||    17
Dodge: Dodged            |    34 |    18 ||    52

Table legend:
 A = Turns spent in this place as a percentage of turns spent in the entire game.
 B = Non-inter-level travel turns spent in this place as a percentage of non-inter-level travel turns spent in the entire game.
 C = Inter-level travel turns spent in this place as a percentage of turns spent in this place.
 D = Turns resting spent in this place as a percentage of non-inter-level travel turns spent in this place.
 E = Turns spent auto-exploring this place as a percentage of non-inter-level travel turns spent in this place.
 F = Non-inter-level travel turns spent in this place divided by the number of levels of this place that you've seen.
                   A       B       C       D       E      F
               +-------+-------+-------+-------+-------+----------------------
         Total | 100.0 | 100.0 |   0.4 |   1.4 |   6.5 | 184.0
       Dungeon | 100.0 | 100.0 |   0.4 |   1.4 |   6.5 | 184.0
               +-------+-------+-------+-------+-------+----------------------

Vault maps used:
D:1:      roderic_chinese_lattice_arrival
D:2:      lemuel_coloured_pillars_altar, serial_glass, glass_columns_c,
          glass_columns_c, first_bread, okawaru_altar_gauntlet_db
D:3:      moated_statue, st_stairs_4, serial_bayou_lagoon_a, grunt_ministairs_1,
          kennysheep_generic_room_11
